 Dungeon Crawl Stone Soup version 0.28.0-45-g0d030f2227 (webtiles) character file.

Game seed: 7791737328943870414

343 Ablot the Grasshopper (level 6, 0/51 HPs)
             Began as a Gnoll Warper on Apr 4, 2022.
             Was an Initiate of the Shining One.
             Slain by an orc priest
             ... wielding a +0 scimitar
              (2 damage)
             ... on level 3 of the Dungeon.
             The game lasted 00:05:26 (4189 turns).

Ablot the Grasshopper (Gnoll Warper)                Turns: 4189, Time: 00:05:27

Health: 0/51       AC:  4    Str: 12    XL:     6   Next: 57%
Magic:  14/14      EV: 14    Int: 13    God:    the Shining One [......]
Gold:   210        SH:  0    Dex: 17    Spells: 13/15 levels left

rFire   . . .      SeeInvis .   a - +0 spear
rCold   . . .      Faith    .   (no shield)
rNeg    + . .      Spirit   .   b - +0 leather armour
rPois   .          Reflect  .   h - +0 helmet
rElec   .          Harm     .   (no cloak)
rCorr   .          Rampage  .   (no gloves)
Will    .....                   (no boots)
Stlth   +.........              (no amulet)
HPRegen 0.17/turn               e - +6 ring of dexterity
MPRegen 0.14/turn               n - ring of positive energy

@: glowing
A: fangs 1, strong nose, distributed training
a: Renounce Religion


You were on level 3 of the Dungeon.
You worshipped the Shining One.
The Shining One was noncommittal.
You visited 1 branch of the dungeon, and saw 4 of its levels.

You collected 210 gold pieces.

Inventory:

Hand Weapons
 a - a +0 spear (weapon)
Missiles
 d - 5 boomerangs of dispersal
 f - 75 stones
 i - 45 sling bullets
 j - 17 bolts
 m - 20 arrows
 s - 5 poisoned darts (quivered)
Armour
 b - a +0 leather armour (worn)
 h - a +0 helmet (worn)
Jewellery
 e - a +6 ring of dexterity (left hand)
 n - a ring of positive energy (right hand)
Scrolls
 c - a scroll of blinking
 g - 4 scrolls of silence {unknown}
 k - 4 scrolls of enchant weapon {unknown}
 l - a scroll of amnesia {unknown}
 o - 2 scrolls of fear {unknown}
Potions
 p - a potion of flight {unknown}
 q - a potion of attraction {unknown}
 r - a potion of mutation {unknown}
 t - a potion of curing {unknown}


   Skills:
 + Level 5.0 Fighting
 + Level 2.0 Short Blades
 + Level 2.0 Long Blades
 + Level 2.0 Axes
 + Level 2.0 Maces & Flails
 + Level 5.0 Polearms
 + Level 2.0 Staves
 + Level 2.0 Slings
 + Level 2.0 Bows
 + Level 2.0 Crossbows
 + Level 3.3 Throwing
 + Level 3.3 Armour
 + Level 5.0 Dodging
 + Level 2.0 Stealth
 + Level 2.0 Shields
 + Level 2.0 Unarmed Combat
 + Level 5.4 Spellcasting
 + Level 1.6 Conjurations
 + Level 1.6 Hexes
 + Level 1.6 Summonings
 + Level 1.6 Necromancy
 + Level 5.7 Translocations
 + Level 1.6 Transmutations
 + Level 1.6 Fire Magic
 + Level 1.6 Ice Magic
 + Level 1.6 Air Magic
 + Level 1.6 Earth Magic
 + Level 1.6 Poison Magic
 + Level 2.2 Invocations
 + Level 2.0 Evocations


You had 13 spell levels left.
You knew the following spells:

 Your Spells              Type           Power      Damage    Failure   Level
a - Blink                 Tloc           36%        N/A       3%          2

Your spell library contained the following spells:

 Spells                   Type           Power      Damage    Failure   Level
 Gell's Gravitas          Tloc           18%        N/A       7%          3
 Lesser Beckoning         Tloc           18%        N/A       7%          3
 Teleport Other           Tloc           18%        N/A       7%          3
 Manifold Assault         Tloc           18%        N/A       52%         5


Dungeon Overview and Level Annotations

Branches:
Dungeon (4/15)
 Temple: D:4-7

Altars:
Ru
The Shining One


Innate Abilities, Weirdness & Mutations

You have very sharp teeth.
Your uncanny sense of smell can sniff out nearby items.
Your experience applies equally to all skills.


Message History

You hit the orc priest.
The orc priest is severely wounded.
The orc priest barely misses you.
You hit the orc priest but do no damage.
The orc priest is severely wounded.
The orc priest hits you with a +0 scimitar.
* * * LOW HITPOINT WARNING * * *
You barely miss the orc priest.
The orc priest is severely wounded.
The orc priest hits you with a +0 scimitar.
* * * LOW HITPOINT WARNING * * *
You hit the orc priest.
The orc priest is almost dead.
The orc priest looks braver for a moment.
You barely miss the orc priest.
You bite the orc priest, but do no damage.
The orc priest is almost dead.
The orc priest misses you.
You closely miss the orc priest.
You punch the orc priest, but do no damage.
The orc priest is almost dead.
You hit the orc priest but do no damage.
The orc priest is almost dead.
The orc priest hits you with a +0 scimitar!
* * * LOW HITPOINT WARNING * * *
You barely miss the orc priest.
The orc priest is almost dead.
The orc priest looks encouraged for a moment.
You hit the orc priest but do no damage.
You bite the orc priest, but do no damage.
The orc priest is almost dead.
The orc priest hits you with a +0 scimitar.
* * * LOW HITPOINT WARNING * * *
You barely miss the orc priest.
The orc priest is almost dead.
The orc priest misses you.
You hit the orc priest but do no damage.
The orc priest is almost dead.
The orc priest hits you with a +0 scimitar.
You die...

.###.#.......# ####......# ###..
..##.####.#### ####.### #.#
..##.####.##### #.# #.#
..............# ##+## #.#
.####.###.###.# ##...## #.# .#
#.# #.###.# ##.....## #.# .# #.#
#.##..# ##..<....#####..
.####.###.....####..>......##.>..
................@o.........[.....
.####.#####...####.........##.#..
.# #.#####...# ##.......###.#..
.# #.........# ##...).## #.##. ##
#######.### ##...## #.##. # #...#
##'## #.##. # #.### #.# #.... #
###.##### #.# ##### #
#.......##### ##.##########


You could see an orc priest.

Vanquished Creatures
  An ogre (D:4)
  A phantom (D:4)
  An orc wizard (D:4)
  A gnoll (D:4)
  7 adders
  A worm (D:2)
  2 dart slugs
  6 orcs
  9 ball pythons
  5 endoplasms
  2 giant cockroaches
  6 goblins
  7 hobgoblins
  5 quokkas
  6 bats
  2 frilled lizards (D:1)
  9 kobolds
  5 rats
76 creatures vanquished.

Notes
Turn   | Place    | Note
-------+----------+-------------------------------------------
     0 | D:1      | Ablot the Gnoll Warper began the quest for the Orb.
     0 | D:1      | Reached XP level 1. HP: 20/20 MP: 6/6
   147 | D:1      | Noticed a golden eye
   148 | D:1      | Found a faded altar of an unknown god.
   151 | D:1      | Noticed a floating eye
   155 | D:1      | Reached XP level 2. HP: 26/26 MP: 7/7
   164 | D:1      | Noticed an eye of devastation
   164 | D:1      | Noticed a great orb of eyes
   568 | D:1      | Reached XP level 3. HP: 19/31 MP: 9/9
   883 | D:1      | Reached skill level 5 in Spellcasting
   910 | D:1      | Learned a level 2 spell: Blink
  1170 | D:2      | Reached skill level 1 in Invocations
  1259 | D:2      | Reached skill level 1 in Short Blades
  1259 | D:2      | Reached skill level 1 in Long Blades
  1259 | D:2      | Reached skill level 1 in Axes
  1259 | D:2      | Reached skill level 1 in Maces & Flails
  1259 | D:2      | Reached skill level 1 in Staves
  1259 | D:2      | Reached skill level 1 in Slings
  1259 | D:2      | Reached skill level 1 in Bows
  1259 | D:2      | Reached skill level 1 in Crossbows
  1259 | D:2      | Reached skill level 1 in Stealth
  1259 | D:2      | Reached skill level 1 in Shields
  1259 | D:2      | Reached skill level 1 in Unarmed Combat
  1259 | D:2      | Reached skill level 1 in Evocations
  1470 | D:2      | Reached XP level 4. HP: 35/38 MP: 11/11
  2011 | D:3      | Reached skill level 1 in Conjurations
  2011 | D:3      | Reached skill level 1 in Hexes
  2011 | D:3      | Reached skill level 1 in Summonings
  2011 | D:3      | Reached skill level 1 in Necromancy
  2011 | D:3      | Reached skill level 1 in Transmutations
  2011 | D:3      | Reached skill level 1 in Fire Magic
  2011 | D:3      | Reached skill level 1 in Ice Magic
  2011 | D:3      | Reached skill level 1 in Air Magic
  2011 | D:3      | Reached skill level 1 in Earth Magic
  2011 | D:3      | Reached skill level 1 in Poison Magic
  2138 | D:3      | Found a glowing golden altar of the Shining One.
  2364 | D:3      | Reached XP level 5. HP: 38/43 MP: 12/12
  2654 | D:3      | Became a worshipper of the Shining One
  2799 | D:4      | Found a sacrificial altar of Ru.
  2931 | D:4      | Noticed a phantom
  2959 | D:4      | Killed a phantom
  3136 | D:4      | Reached XP level 6. HP: 46/50 MP: 13/13
  3398 | D:4      | Reached skill level 5 in Fighting
  3398 | D:4      | Reached skill level 5 in Polearms
  3398 | D:4      | Reached skill level 5 in Dodging
  4187 | D:3      | HP: 2/51 [orc priest/+0 scimitar (5)]
  4189 | D:3      | Slain by an orc priest

Illustrated notes

Levels and vault maps discovered:
D:1:      matt_arrival_los_fun, layout_rooms,
          hellmonk_ecumenical_altar_watching_god
D:2:      layout_rooms
D:3:      layout_loops_corners, lemuel_doored_altar, minmay_misc_feat_cross
D:4:      layout_basic, nicolae_ru_great_annihilating_truth,
          nicolae_overflow_hidden_temple, minmay_manual_monstrance

Skill      XL: |  1  2  3  4  5  6 |
---------------+-------------------+-----
Spellcasting   | 5 |  5.4
Invocations    | 1 2 |  2.2
Short Blades   | 1 2 |  2.0
Long Blades    | 1 2 |  2.0
Axes           | 1 2 |  2.0
Maces & Flails | 1 2 |  2.0
Staves         | 1 2 |  2.0
Slings         | 1 2 |  2.0
Bows           | 1 2 |  2.0
Crossbows      | 1 2 |  2.0
Stealth        | 1 2 |  2.0
Shields        | 1 2 |  2.0
Unarmed Combat | 1 2 |  2.0
Evocations     | 1 2 |  2.0
Conjurations   | 1 |  1.6
Hexes          | 1 |  1.6
Summonings     | 1 |  1.6
Necromancy     | 1 |  1.6
Transmutations | 1 |  1.6
Fire Magic     | 1 |  1.6
Ice Magic      | 1 |  1.6
Air Magic      | 1 |  1.6
Earth Magic    | 1 |  1.6
Poison Magic   | 1 |  1.6
Throwing       | 3 |  3.3
Armour         | 3 |  3.3
Fighting       | 5 |  5.0
Polearms       | 5 |  5.0
Dodging        | 5 |  5.0
Translocations | |  5.7

Action                   |  1- 3 |  4- 6 || total
-------------------------+-------+-------++-------
Melee: Spear             |   147 |   239 ||   386
       Bite              |    10 |    28 ||    38
       Punch             |     3 |     3 ||     6
Throw: Dart              |       |     5 ||     5
 Cast: Blink             |       |     1 ||     1
 Stab: Sleeping          |     2 |     4 ||     6
Armor: Leather armour    |    18 |    41 ||    59
Dodge: Dodged            |    59 |   135 ||   194
